 Dungeon Crawl Stone Soup version 0.23.2-40-g277498a001 (webtiles) character file.

Game seed: 2383400617138141116

21250 Glamhuggeren the Basher (level 12, -12/100 HPs)
             Began as a Minotaur Fighter on Sept 25, 2019.
             Was a High Priest of Okawaru.
             Mangled by an enormous slime creature (65 damage)
             ... on level 12 of the Dungeon.
             The game lasted 01:13:52 (12830 turns).

Glamhuggeren the Basher (Minotaur Fighter)         Turns: 12830, Time: 01:13:52

Health: -12/100    AC: 22    Str: 25    XL:     12   Next: 52%
Magic:  10/12      EV: 14    Int:  5    God:    Okawaru [*****.]
Gold:   678        SH: 18    Dex: 13    Spells: 11/11 levels left

rFire    . . .     SeeInvis .   a - +2 flail (protect)
rCold    + . .     Gourm    .   L - +3 shield
rNeg     . . .     Faith    .   A - +1 ring mail of the Thunderstorm {rPois MR- Dex+2}
rPois    +         Spirit   .   (helmet unavailable)
rElec    .         Reflect  .   (no cloak)
rCorr    .         Harm     .   h - +0 pair of gloves
MR       .....                  (no boots)
Stlth    ++........             C - amulet of the acrobat
HPRegen  0.26/turn              l - ring of protection from cold
MPRegen  0.13/turn              M - +5 ring of protection

@: heroism, protection aura
A: retaliatory headbutt, horns 3, low mp 1
a: Heroism, Finesse, Renounce Religion


You were on level 12 of the Dungeon.
You worshipped Okawaru.
Okawaru was extremely pleased with you.
You were not hungry.

You visited 2 branches of the dungeon, and saw 13 of its levels.
You also visited: Bailey.

You collected 678 gold pieces.

Inventory:

Hand Weapons
 a - a +2 flail of protection (weapon)
 b - a +0 hunting sling
 r - a +2 whip of electrocution
 N - a +2 battleaxe of freezing
Missiles
 i - 4 tomahawks of returning
 k - 362 stones
 u - 3 exploding tomahawks
 y - 33 sling bullets
 K - 11 tomahawks (quivered)
Armour
 h - a +0 pair of gloves (worn)
 A - the +1 ring mail of the Thunderstorm (worn) {rPois MR- Dex+2}
   (You found it on level 4 of the Dungeon)

   It affects your dexterity (+2).
   It protects you from poison.
   It affects your resistance to hostile enchantments.
 G - the +0 leather armour of the Garden {rPois Dex+4}
   (You found it on level 6 of the Dungeon)

   It affects your dexterity (+4).
   It protects you from poison.
 L - a +3 shield (worn)
Jewellery
 e - an uncursed ring of flight
 l - a ring of protection from cold (left hand)
 C - an amulet of the acrobat (around neck)
 H - an uncursed amulet of magic regeneration
 M - a +5 ring of protection (right hand)
Wands
 c - a wand of polymorph (17)
 s - a wand of enslavement (15)
 E - a wand of flame (43)
 F - a wand of iceblast (6)
 J - a wand of disintegration (11)
Scrolls
 d - 4 scrolls of enchant weapon
 g - 4 scrolls of remove curse
 j - 4 scrolls of amnesia
 n - 11 scrolls of identify
 w - 2 scrolls of enchant armour
 I - a scroll of teleportation
 Q - a scroll of random uselessness {unknown}
Potions
 m - 3 potions of invisibility
 o - 2 potions of brilliance
 p - 3 potions of curing
 q - 2 potions of haste
 t - a potion of degeneration {unknown}
 v - 2 potions of magic {unknown}
 x - a potion of cancellation {unknown}
 z - 2 potions of lignification {unknown}
 D - a potion of berserk rage
Miscellaneous
 O - a phantom mirror
 P - a sack of spiders
 R - a crystal ball of energy
Comestibles
 f - 32 rations
 B - 7 chunks of flesh


   Skills:
 + Level 7.0(12.0) Fighting
 - Level 7.1(16.3) Axes
 - Level 13.6(19.2) Maces & Flails
 + Level 10.0(15.0) Slings
 - Level 6.0(11.0) Armour
 * Level 13.3(18.3) Shields
 + Level 3.5 Invocations


You had 11 spell levels left.
You didn't know any spells.
Your spell library contained the following spells:

 Spells                   Type           Power        Failure   Level  Hunger
 Confusing Touch          Hex            #.....       58%         1    ##.....
 Infusion                 Chrm           #...         58%         1    ##.....
 Ensorcelled Hibernation  Hex/Ice        #.....       73%         2    ###....
 Shroud of Golubria       Chrm/Tloc      #.........   73%         2    ###....
 Song of Slaying          Chrm           #.......     73%         2    ###....
 Confuse                  Hex            #.......     91%         3    ####...
 Dazzling Spray           Conj/Hex       #.....       91%         3    ####...
 Gell's Gravitas          Tloc           #.........   91%         3    ####...
 Portal Projectile        Hex/Tloc       #.....       91%         3    ####...
 Regeneration             Chrm/Necr      #.........   91%         3    ####...
 Spectral Weapon          Hex/Chrm       #.......     91%         3    ####...
 Summon Guardian Golem    Hex/Summ       #.......     91%         3    ####...
 Tukima's Dance           Hex            #.......     91%         3    ####...
 Fulminant Prism          Conj/Hex       #.........   100%        4    #####..
 Petrify                  Tmut/Erth      #.......     100%        4    #####..
 Metabolic Englaciation   Hex/Ice        #.........   100%        5    ######.
 Yara's Violent Unravell  Hex/Tmut       #.........   100%        5    ######.


Dungeon Overview and Level Annotations

Branches:
Dungeon (12/15)            Temple (1/1) D:7            Lair (0/6) D:11
    Orc: D:9-12

Altars:
Ashenzari
Cheibriados
Dithmenos
Elyvilon
Fedhas
Gozag
Hepliaklqana
Kikubaaqudgha
Makhleb
Nemelex Xobeh
Okawaru
Qazlal
Ru
Sif Muna
Trog
Uskayaw
Vehumet
Wu Jian
Xom
Yredelemnul
Zin
The Shining One

Shops:
D:11 *


Innate Abilities, Weirdness & Mutations

You reflexively headbutt those who attack you in melee.
You have a pair of large horns on your head.
Your magical capacity is low. (-10% MP)


Message History

You sock the enormous slime creature!
You headbutt the enormous slime creature.
The enormous slime creature is severely wounded.
The enormous slime creature barely misses you.
You thump the enormous slime creature!
The enormous slime creature is severely wounded.
You barely miss the enormous slime creature.
You headbutt the enormous slime creature!
The enormous slime creature is severely wounded.
The enormous slime creature hits you.
You hit the enormous slime creature.
You headbutt the enormous slime creature!!
The enormous slime creature is severely wounded.
You block the enormous slime creature's attack.
You hit the enormous slime creature.
You headbutt the enormous slime creature, but do no damage.
The enormous slime creature is severely wounded.
The enormous slime creature hits you!!!
Ouch! That really hurt!
You die...

#.................
#.#######.###..#.# # #.#
####.###.##.# ##. #.#
##.^..#..###.. .$.. #.#
#.....#.#.####
...$.##.###..........###
......†{.............>#÷
.....##J####...####.##)#
... #@# ##### #.#### .
#.# #.# # #.# #># # #.#
#.# # #.. ..# # ### ###


You could see an enormous slime creature.

Vanquished Creatures
  An orc warlord (Bailey)
  Erolcha (D:12)
  A hydra (D:11)
  2 two-headed ogres
  Pikel (D:3)
  An orc knight (Bailey)
  3 trolls
  A hippogriff (D:10)
  A wraith (D:11)
  A human (shapeshifter) (D:11)
  Eustachio (D:4)
  8 yaks
  A hungry ghost (D:11)
  A steam dragon (D:12)
  A hornet zombie (D:7)
  18 orc warriors
  2 sky beasts
  A slave (D:3)
  2 black bears (D:8)
  An eye of draining (D:10)
  2 ice beasts
  7 centaurs
  5 ogres
  A crocodile (D:10)
  3 big kobolds
  6 bullfrogs
  A wyvern skeleton (D:11)
  4 scorpions
  6 killer bees
  5 wights (D:10)
  2 howler monkeys
  8 crimson imps
  2 centaur zombies (D:10)
  2 hounds
  A quasit (D:10)
  A jelly (D:11)
  11 orc priests
  4 bullfrog skeletons
  A gnoll shaman (D:6)
  15 orc wizards
  5 iguanas
  Ijyb (D:2)
  4 worker ants
  A killer bee zombie (D:6)
  A hound zombie (D:11)
  2 hound skeletons
  2 worker ant zombies
  A howler monkey skeleton (D:7)
  26 gnolls
  15 adders
  A shadow imp (D:5)
  2 adder skeletons
  3 worms
  4 dart slugs
  6 leopard geckos
  46 orcs
  8 bats
  6 giant cockroaches
  40 goblins
  16 hobgoblins
  17 jackals
  26 kobolds
  6 quokkas
  A ball python (D:3)
  A ball python skeleton (D:4)
  3 frilled lizards
  A jackal skeleton (D:6)
  2 quokka zombies
  5 rats
388 creatures vanquished.

Vanquished Creatures (others)
  An orc wizard (D:9)
1 creature vanquished.

Grand Total: 389 creatures vanquished

Notes
Turn   | Place    | Note
-------+----------+-------------------------------------------
     0 | D:1      | Glamhuggeren the Minotaur Fighter began the quest for the
                  | Orb.
     0 | D:1      | Reached XP level 1. HP: 19/19 MP: 0/0
   212 | D:1      | Reached XP level 2. HP: 27/27 MP: 1/1
   532 | D:1      | Reached XP level 3. HP: 33/33 MP: 2/2
   996 | D:2      | Reached skill level 1 in Slings
  1492 | D:2      | Found a deep blue altar of Sif Muna.
  1669 | D:2      | Noticed Ijyb
  1679 | D:2      | Reached XP level 4. HP: 40/40 MP: 3/3
  1701 | D:2      | Killed Ijyb
  2268 | D:3      | Reached XP level 5. HP: 46/46 MP: 4/4
  2993 | D:4      | Noticed Eustachio
  3038 | D:4      | Killed Eustachio
  3038 | D:4      | Reached skill level 5 in Axes
  3038 | D:4      | Reached skill level 5 in Shields
  3038 | D:4      | Reached XP level 6. HP: 27/52 MP: 5/5
  3195 | D:4      | Got a slimy ring mail
  3206 | D:4      | Identified the cursed +1 ring mail of the Thunderstorm
                  | {rPois MR- Dex+2} (You found it on level 4 of the Dungeon)
  3250 | D:4      | Reached skill level 5 in Armour
  3266 | D:4      | Gained mutation: Your magical capacity is low. (-10% MP)
                  | [potion of mutation]
  3266 | D:4      | Gained mutation: You have a pair of large horns on your
                  | head. [potion of mutation]
  3769 | D:4      | Noticed Pikel
  3769 | D:4      | Noticed a slave
  3769 | D:4      | Noticed a slave
  3776 | D:4      | Noticed a slave
  3788 | D:4      | Noticed a slave
  3826 | D:3      | Killed a slave
  4034 | D:3      | Killed Pikel
  4034 | D:3      | Reached XP level 7. HP: 59/59 MP: 5/5
  4320 | D:5      | Entered Level 5 of the Dungeon
  4370 | D:5      | Found an iron altar of Okawaru.
  4378 | D:5      | Became a worshipper of Warmaster Okawaru
  4410 | D:5      | Reached skill level 1 in Maces & Flails
  4431 | D:5      | Reached XP level 8. HP: 58/66 MP: 6/6
  5038 | D:6      | Reached skill level 5 in Slings
  5149 | D:6      | Reached * piety under Okawaru
  5196 | D:6      | Got a spiked leather armour
  5207 | D:6      | Identified the cursed +0 leather armour of the Garden
                  | {rPois Dex+4} (You found it on level 6 of the Dungeon)
  5244 | D:6      | Reached skill level 5 in Maces & Flails
  5381 | D:6      | Found a white marble altar of Elyvilon.
  5423 | D:6      | Reached XP level 9. HP: 71/71 MP: 7/7
  5445 | D:6      | Reached ** piety under Okawaru
  5777 | D:6      | Found a shattered altar of Ashenzari.
  5946 | D:7      | Found a staircase to the Ecumenical Temple.
  5951 | Temple   | Entered the Ecumenical Temple
  7522 | D:7      | Found a burning altar of Makhleb.
  7800 | D:7      | Found an opulent altar of Gozag.
  7800 | D:7      | Found a snail-covered altar of Cheibriados.
  7801 | D:7      | Found a hide-covered altar of Uskayaw.
  7943 | D:8      | Found a flagged portal.
  7955 | Bailey   | Entered a bailey
  8258 | Bailey   | Noticed an orc knight
  8290 | Bailey   | Killed an orc knight
  8290 | Bailey   | Reached *** piety under Okawaru
  8292 | Bailey   | Reached XP level 10. HP: 26/78 MP: 6/8
  8645 | Bailey   | Noticed an orc warlord
  8672 | Bailey   | Killed an orc warlord
  8672 | Bailey   | Reached **** piety under Okawaru
  8672 | Bailey   | Reached skill level 10 in Maces & Flails
  9149 | D:8      | Identified a scroll of acquirement
  9340 | D:8      | Found a bloodstained altar of Trog.
  9346 | D:8      | Reached skill level 10 in Shields
  9593 | D:8      | Reached XP level 11. HP: 80/84 MP: 8/8
 10073 | D:9      | Found a glowing silver altar of Zin.
 10233 | D:9      | Found a glowing golden altar of the Shining One.
 10233 | D:9      | Found an ornate altar of the Wu Jian Council.
 10303 | D:9      | Found a blossoming altar of Fedhas.
 10373 | D:10     | Entered Level 10 of the Dungeon
 10585 | D:10     | Reached skill level 5 in Fighting
 11022 | D:10     | Noticed a two-headed ogre
 11029 | D:10     | Killed a two-headed ogre
 11029 | D:10     | Reached skill level 1 in Invocations
 11029 | D:10     | Reached XP level 12. HP: 94/94 MP: 7/10
 11246 | D:11     | Reached ***** piety under Okawaru
 11430 | D:11     | Identified Jexa's Incunabulum of Enchantment
 11493 | D:11     | Found a staircase to the Lair.
 11759 | D:11     | Noticed a two-headed ogre
 11769 | D:11     | Killed a two-headed ogre
 11769 | D:11     | Received a gift from Okawaru
 12065 | D:11     | Noticed a four-headed hydra
 12081 | D:11     | Killed a four-headed hydra
 12234 | D:11     | Found Gufeush's Elemental Accessories.
 12558 | D:12     | Noticed Erolcha
 12575 | D:12     | Killed Erolcha
 12789 | D:12     | Reached skill level 10 in Slings
 12830 | D:12     | Mangled by an enormous slime creature

Skill      XL: |  1  2  3  4  5  6  7  8  9 10 11 12 |
---------------+-------------------------------------+-----
Axes           | 3 4 5 7 |  7.1
Fighting       | 4 5 7 |  7.0
Slings         | 1 2 4 5 7 8 9 10 | 10.0
Armour         | 4 5 6 |  6.0
Shields        | 4 5 6 7 9 11 12 13 | 13.3
Maces & Flails | 1 6 9 13 | 13.6
Invocations    | 1 3 |  3.5

Action                   |  1- 3 |  4- 6 |  7- 9 | 10-12 || total
-------------------------+-------+-------+-------+-------++-------
Melee: War axe           |    77 |   145 |       |       ||   222
       Headbutt          |    10 |    24 |    65 |   141 ||   240
       Whip              |       |       |   373 |   143 ||   516
       Flail             |       |       |       |   450 ||   450
 Fire: Hunting sling     |    33 |    90 |    28 |    44 ||   195
Throw: Tomahawk          |       |       |     5 |     7 ||    12
       Stone             |       |       |     1 |       ||     1
Invok: Heroism           |       |       |     4 |     2 ||     6
Evoke: Wand              |       |       |       |     1 ||     1
  Use: Potion            |       |     8 |     2 |     5 ||    15
       Scroll            |       |     1 |     6 |     9 ||    16
  Eat: Chunk             |     2 |     8 |    12 |    13 ||    35
       Ration            |       |       |     1 |       ||     1
Armor: Scale mail        |    47 |    72 |       |       ||   119
       Ring mail         |       |    21 |    21 |   116 ||   158
       Leather armour    |       |       |    19 |       ||    19
Dodge: Dodged            |    26 |    65 |    86 |   161 ||   338
Block: Shield            |    46 |    98 |   161 |   347 ||   652
